 Dungeon Crawl Stone Soup version 0.20.0-15-g7f486f2 (console) character file.

227 removed the Slasher (level 5, -6/31 HPs)
             Began as a Deep Elf Fighter on June 11, 2017.
             Was a Believer of Lugonu.
             Mangled by George's ghost (14 damage)
             ... on level 3 of the Dungeon.
             The game lasted 00:04:03 (2380 turns).

removed the Slasher (Deep Elf Fighter)              Turns: 2380, Time: 00:04:04

Health: -6/31      AC:  7    Str: 13    XL:     5   Next: 70%
Magic:  9/9        EV:  6    Int: 13    God:    Lugonu [**....]
Gold:   116        SH:  8    Dex: 15    Spells: 4/4 levels left

rFire    . . .     SeeInvis .   a - +0 long sword
rCold    . . .     Gourm    .   c - +0 shield
rNeg     . . .     Faith    .   b - +1 scale mail
rPois    .         Spirit   .   (no helmet)
rElec    .         Reflect  .   (no cloak)
rCorr    .         Harm     .   (no gloves)
MR       .....                  (no boots)
Stlth    ..........             (no amulet)
Regen    0.1/turn               (no ring)
MPRegen  0.2/turn               (no ring)

@: very slightly contaminated, invisible
A: no striking features
a: Depart the Abyss, Bend Space, Renounce Religion


You were on level 3 of the Dungeon.
You worshipped Lugonu.
Lugonu was pleased with you.
You were very hungry.

You visited 1 branch of the dungeon, and saw 3 of its levels.
You also visited: Sewer.

You collected 116 gold pieces.

Inventory:

Hand Weapons
 a - a +0 long sword (weapon)
 y - a +0 blowgun
Missiles
 z - 5 poisoned needles
Armour
 b - a +1 scale mail (worn)
 c - a +0 shield (worn)
 n - a -1 scale mail
Jewellery
 v - an uncursed ring of flight {unknown}
Scrolls
 g - 3 scrolls of remove curse
 u - 2 scrolls of enchant armour
 A - 2 scrolls of noise
 B - a scroll of fear
 C - 3 scrolls of teleportation
 E - a scroll of amnesia {unknown}
 F - a scroll of fog {unknown}
 H - 2 scrolls of identify
Potions
 k - a potion of flight
 m - a potion of invisibility
 p - a potion of agility {unknown}
 r - 2 potions of brilliance
 w - a potion of berserk rage {unknown}
 D - a potion of heal wounds {unknown}
 G - a potion of cancellation {unknown}
Comestibles
 f - a bread ration
 q - 2 royal jellies
 s - 4 fruits


   Skills:
 - Level 2.4 Fighting
 + Level 4.6 Long Blades
 - Level 2.4 Armour
 - Level 2.4 Shields
 + Level 3.1 Invocations


You had 4 spell levels left.
You didn't know any spells.

Dungeon Overview and Level Annotations

Branches:
Dungeon (3/15)

Altars:
Qazlal
Trog
Lugonu

Annotations:
D:3 George's ghost, amateur MiFi


Message History

George's ghost hits you!
You hit George's ghost.
George's ghost is moderately damaged.
You block George's ghost's attack.
You are too injured to fight recklessly!
You slash George's ghost!
George's ghost is heavily damaged.
You block George's ghost's attack.
You are too injured to fight recklessly!
You hit George's ghost.
George's ghost is severely damaged.
George's ghost wails.
George's ghost hits you.
* * * LOW HITPOINT WARNING * * *
You block George's ghost's attack.
You are too injured to fight recklessly!
You slash George's ghost!
George's ghost is almost destroyed.
George's ghost hits you!
You die...

#######.####. #.##....###
#...... .# #. .#.). ...#
##.####. ....#. ...###..# #...#
## ..#.#.####...#...# #...#
#.......#.....#.# #...#
#...........# #.# #####<..####
#.......#.#.###.###...........
##..$......>.W@................
.........##........#...........
##...............#.#####...####
#........#..##..#.# #...# #
##.....#.#......#.# ###...####
.....#.#.#).....#.# #.......##
###.#.#.#.##.##.##.# #.##.##.##
#.#...#..........# #.##.##.## #
##..........#### #.##....##


You could see George's ghost.

Vanquished Creatures
  Purgy (Sewer)
  A water moccasin skeleton (D:2)
  2 adders (D:2)
  2 oozes (D:2)
  A worm (D:3)
  A dart slug (D:1)
  4 leopard geckos
  5 ball pythons (Sewer)
  3 giant cockroaches (D:3)
  7 goblins
  4 hobgoblins
  7 kobolds
  6 bats
  3 frilled lizards (Sewer)
  3 rats
50 creatures vanquished.

Notes
Turn   | Place    | Note
-------+----------+-------------------------------------------
     0 | D:1      | removed the Deep Elf Fighter began the quest for the Orb.
     0 | D:1      | Reached XP level 1. HP: 13/13 MP: 3/3
    54 | D:1      | Reached skill level 2 in Long Blades
   437 | D:1      | Reached XP level 2. HP: 18/18 MP: 4/4
   789 | D:2      | Reached skill level 3 in Long Blades
   828 | D:2      | Reached XP level 3. HP: 19/22 MP: 5/5
   832 | D:2      | Found a faded altar of an unknown god.
  1003 | D:2      | Became a worshipper of Lugonu the Unformed
  1003 | D:2      | Reached * piety under Lugonu
  1003 | D:2      | Reached ** piety under Lugonu
  1064 | D:2      | Found a bloodstained altar of Trog.
  1330 | D:2      | Reached skill level 4 in Long Blades
  1330 | D:2      | Reached skill level 1 in Invocations
  1330 | D:2      | Reached XP level 4. HP: 25/27 MP: 5/7
  1494 | D:3      | Noticed George's ghost (amateur MiFi)
  1630 | D:3      | Found a glowing drain.
  1701 | Sewer    | Entered a sewer
  1805 | Sewer    | Noticed Purgy
  1826 | Sewer    | Killed Purgy
  1826 | Sewer    | Reached XP level 5. HP: 12/31 MP: 7/9
  2154 | D:3      | Found a stormy altar of Qazlal.
  2380 | D:3      | Mangled by George's ghost

Skill      XL: |  1  2  3  4 |
---------------+-------------+-----
Long Blades    | 2 3 4 |  4.6
Invocations    | 1 3 |  3.1
Fighting       | |  2.4
Armour         | |  2.4
Shields        | |  2.4

Action                   |  1- 3 |  4- 6 || total
-------------------------+-------+-------++-------
Melee: Long sword        |    89 |    90 ||   179
 Fire: Blowgun           |       |     3 ||     3
  Use: Potion            |     1 |     3 ||     4
       Scroll            |       |    11 ||    11
 Stab: Invisible         |       |     1 ||     1
  Eat: Chunk             |     1 |     3 ||     4
Armor: Scale mail        |    33 |    37 ||    70
Dodge: Dodged            |    36 |    24 ||    60
Block: Shield            |    48 |    52 ||   100
       Rpst.: Long sword |    16 |     7 ||    23
